AoeStats
← :)

MegaRandom

503410682Analyzed
1v1 RM · 1mo ago on Aug 31, 2026· 48m 20s· 2 players
Game mode
Random Map
Map size
Tiny (2 player)
Population
200
Speed
Normal
Resources
Standard
Victory
Conquest
Starting age
Dark Age
Ending age
Imperial Age
RankedLock teamsTeams togetherTeam positionsShared explorationLock speedFull tech treeHidden civsTurbo modeCheats
Victory
Defeat
🇸🇪 Huns · Sweden
806
+19
🇹🇷 Huns · Türkiye
862
-19
pakojones
3:38 Loom
11:30 Feudal Age
13:24 Double-Bit Axe
21:24 Castle Age
22:38 Medium Warships
28:04 Town Watch
30:04 Gold Mining
29:56 Horse Collar
31:52 Wheelbarrow
32:40 Stone Mining
39:47 Imperial Age
36:46 Pikeman
37:27 Squires
38:56 Hand Cart
38:13 Man-at-Arms
39:37 Long Swordsman
41:10 Two-Handed Swordsman
41:57 Scale Barding Armor
42:05 Forging
41:56 Scale Mail Armor
42:56 Parthian Tactics
41:53 Crossbowman
42:27 Fletching
43:10 Halberdier
46:43 Chemistry
45:39 Murder Holes
47:36 Conscription
:)
1:08 Loom
17:49 Feudal Age
19:17 Wheelbarrow
19:14 Fishing Lines
19:54 Scale Mail Armor
20:54 Horse Collar
23:05 Scale Barding Armor
25:46 Town Watch
28:07 Fletching
28:33 Bloodlines
28:45 Gold Mining
31:43 Arson
31:48 Double-Bit Axe
34:24 Castle Age
35:53 Pikeman
36:33 Squires
38:13 Light Cavalry
41:10 Marauders
46:36 Town Watch
47:25 Murder Holes
Connection lost

Rejoining the realm…

Still unreachable

The connection could not be restored.

Session expired

The server has moved on; the page needs a fresh start.